cohdb
Replays
Latest Replays
All Replays
Popular Replays
Top Player Replays
Match Explorer
How It Works
Community
CoH3 Stats
Reddit
Sign in to upload your games and track your stats! →
Sign in with Steam
Match 41616981
Unlisted
Match 41616981
Overview
Messages
Build Orders
End
Panzergrenadier Squad
Kradschützen Motorcycle Team
Selects Battlefield Espionage Battlegroup
Panzergrenadier Squad
Construct Light Support Kompanie
MG34 Team
2.5-tonne Medical Truck
Selects Intel Disruption Beacon
Fire Support Elements
Panzerjäger Mechanized Group
Combat Half-tracks
Selects Plunder
Flakvierling Half-track
Pak 38 Anti-tank Gun Team
le.IG 18 Mechanized Group
Selects Firestorm
Firestorm
Construct Panzerarmee Kommand
Armored Reserves
Firestorm
Emergency Repair Kits
Panzerpioneer Squad
Selects 250/3 Funkpanzerwagen
Selects Anti-Tank Incendiary Munitions
Firestorm
Tiger Heavy Tank
Selects Operation Skorpion
Operation Skorpion
Walking Stuka Rocket Launcher
Panzer III Assault Group
Firestorm
Tungsten Core Ammunition
Vehicle Survival Package
Firestorm
UH|dun! ツ
UH|ck
iceman
HURON
Burnem
Black Baron
0
0
Comments
sign in to comment!
No comments posted yet!